 Dungeon Crawl Stone Soup version 0.26-a0-606-g3c8f2f65f7 (webtiles) character file.

Game seed: 18428920231369580025

520551 Gargoyl the Corrupter of Planes (level 25, -3/180 HPs)
             Began as a Gnoll Abyssal Knight on Sept 2, 2020.
             Was the Champion of Lugonu.
             Splashed by an acid blob's acid (12 damage)
             ... created by the Royal Jelly
             ... on level 4 of the Pits of Slime.
             The game lasted 02:03:18 (68337 turns).

Gargoyl the Corrupter of Planes (GnAK)             Turns: 68337, Time: 02:03:18

Health: -3/180     AC:  7    Str: 26    XL:     25   Next: 27%
Magic:  39/39      EV: 36    Int: 19    God:    Lugonu [******]
Gold:   6390       SH: 20    Dex: 19    Spells: 56/56 levels left

rFire    . . .     SeeInvis .   f - +12 Vampire's Tooth {vamp}
rCold    + . .     Faith    .   G - +5 kite shield {reflect}
rNeg     + . .     Spirit   .   I - +2 chain mail {rPois}
rPois    +         Reflect  +   Q - +2 helmet
rElec    .         Harm     .   U - +2 cloak {rC+}
rCorr    .                      H - +2 pair of gloves
MR       ++...                  J - +2 pair of boots
Stlth    +++++.....             d - amulet of the acrobat
HPRegen  0.40/turn              z - ring of Robustness {AC+8}
MPRegen  0.26/turn              C - ring of Broken Luck {rN+ MR+ MP+9 Dex+6}

@: about to teleport, corroded, acrobat, studying Unarmed Combat
A: distributed training, claws 1, fangs 1, camouflage 1, blurry vision 1, clever
1, clumsy 1, frail 1, low mp 3, strong 1, strong nose
}: 3/15 runes: decaying, serpentine, silver
a: Depart the Abyss, Bend Space, Banish, Corrupt, Enter the Abyss, Brand Weapon
With Distortion, Renounce Religion


You were on level 4 of the Pits of Slime.
You worshipped Lugonu.
Lugonu was exalted by your worship.
You visited 8 branches of the dungeon, and saw 43 of its levels.
You visited the Abyss 3 times.
You also visited: Ice Cave.

You collected 6942 gold pieces.
You spent 552 gold pieces at shops.

Inventory:

Hand Weapons
 f - the +12 Vampire's Tooth (weapon) {vamp}
   (You found it on level 10 of the Dungeon)

   It inflicts no extra harm, but heals its wielder when it wounds a living foe.
 l - a +9 broad axe of draining
Missiles
 w - 9 javelins (quivered)
Armour
 y - a scarf of repulsion
 G - a +5 kite shield of reflection (worn)
 H - a +2 pair of gloves (worn)
 I - a +2 chain mail of poison resistance (worn)
 J - a +2 pair of boots (worn)
 Q - a +2 helmet (worn)
 U - a +2 cloak of cold resistance (worn)
Jewellery
 d - an amulet of the acrobat (around neck)
 g - the ring of Waergh {rElec rF+ rC- Str+7 Dex+2}
   (You took it off a yaktaur captain on level 5 of the Vaults)

   [ring of protection from fire]

   It affects your strength (+7).
   It affects your dexterity (+2).
   It protects you from fire.
   It makes you vulnerable to cold.
   It insulates you from electricity.
 t - the amulet "Jyjaoxij" {Reflect MP-9 Str+6 Int+3 Dex+4 SH+5}
   (You took it off a deep elf master archer on level 3 of the Elven Halls)

   [amulet of reflection]

   It shields you and reflects attacks.
   It affects your strength (+6).
   It affects your intelligence (+3).
   It affects your dexterity (+4).
   It affects your magic capacity (-9).
   It affects your SH (+5).
 x - an uncursed ring of flight
 z - the ring of Robustness (left hand) {AC+8}
   (You found it on level 5 of the Dungeon)

   [ring of protection]

   It affects your AC (+8).
 C - the ring of Broken Luck (right hand) {rN+ MR+ MP+9 Dex+6}
   (You acquired it on level 10 of the Dungeon)

   [ring of dexterity]

   It affects your dexterity (+6).
   It protects you from negative energy.
   It affects your resistance to hostile enchantments.
   It affects your magic capacity (+9).
Wands
 u - a wand of digging (6)
Scrolls
 b - 7 scrolls of fear
 h - 13 scrolls of teleportation
 k - 4 scrolls of identify
 p - 19 scrolls of remove curse
 q - 7 scrolls of fog
 E - 3 scrolls of magic mapping
 L - a scroll of blinking
 V - a scroll of brand weapon
 X - a scroll of summoning
Potions
 e - 2 potions of magic
 i - 14 potions of heal wounds
 j - 4 potions of flight
 m - 3 potions of berserk rage
 o - 16 potions of curing
 r - 3 potions of brilliance
 v - a potion of ambrosia
 D - 2 potions of might
 K - a potion of resistance
 M - 2 potions of invisibility
 O - 6 potions of stabbing
 P - 3 potions of haste
Books
 F - a manual of Unarmed Combat


   Skills:
 + Level 17.1 Fighting
 + Level 16.2 Short Blades
 + Level 16.2 Long Blades
 + Level 16.6 Axes
 + Level 16.2 Maces & Flails
 + Level 16.2 Polearms
 + Level 16.2 Staves
 + Level 16.2 Slings
 + Level 16.2 Bows
 + Level 16.2 Crossbows
 + Level 16.2 Throwing
 + Level 16.6 Armour
 + Level 16.3 Dodging
 + Level 16.2 Stealth
 + Level 16.2 Shields
 + Level 17.2 Unarmed Combat
 + Level 16.2 Spellcasting
 + Level 13.9 Conjurations
 + Level 13.9 Hexes
 + Level 13.9 Summonings
 + Level 13.9 Necromancy
 + Level 13.9 Translocations
 + Level 13.9 Transmutations
 + Level 13.9 Fire Magic
 + Level 16.5 Ice Magic
 + Level 13.9 Air Magic
 + Level 13.9 Earth Magic
 + Level 13.9 Poison Magic
 + Level 17.9 Invocations
 + Level 16.2 Evocations


You had 56 spell levels left.
You didn't know any spells.
Your spell library contained the following spells:

 Spells                   Type           Power        Failure   Level
 Freeze                   Ice            ####         0%          1
 Animate Skeleton         Necr           ######       1%          1
 Apportation              Tloc           ######       1%          1
 Corona                   Hex            ######.      1%          1
 Foxfire                  Conj/Fire      ####         1%          1
 Magic Dart               Conj           ####         1%          1
 Pain                     Necr           ####         1%          1
 Sandblast                Erth           ######       1%          1
 Shock                    Conj/Air       ####         1%          1
 Summon Small Mammal      Summ           ####         1%          1
 Ensorcelled Hibernation  Hex/Ice        ######       1%          2
 Passwall                 Tmut/Erth      ######..     1%          2
 Searing Ray              Conj           ######       1%          2
 Slow                     Hex            ######..     1%          2
 Sublimation of Blood     Necr           ######....   1%          2
 Swiftness                Air            ######..     1%          2
 Confusing Touch          Hex            ######..     1%          3
 Conjure Flame            Conj/Fire      ######..     1%          3
 Dazzling Flash           Conj/Hex       ######       1%          3
 Frozen Ramparts          Ice            ######       1%          3
 Gell's Gravitas          Tloc           ######....   1%          3
 Ignite Poison            Fire/Tmut/Pois ######..     1%          3
 Inner Flame              Hex/Fire       ######..     1%          3
 Lesser Beckoning         Tloc           ######....   1%          3
 Ozocubu's Armour         Ice            ######..     1%          3
 Portal Projectile        Hex/Tloc       ######       1%          3
 Spider Form              Tmut/Pois      ######....   1%          3
 Static Discharge         Conj/Air       ######..     1%          3
 Stone Arrow              Conj/Erth      ######       1%          3
 Tukima's Dance           Hex            ######..     1%          3
 Vampiric Draining        Necr           ######....   1%          3
 Airstrike                Air            ######....   1%          4
 Animate Dead             Necr           ######....   1%          4
 Cause Fear               Hex            ######....   1%          4
 Fulminant Prism          Conj/Hex       ######....   1%          4
 Hailstorm                Conj/Ice       ######..     1%          4
 Ice Form                 Ice/Tmut       ######..     1%          4
 Iskenderun's Mystic Bla  Conj/Tloc      ######..     1%          4
 Leda's Liquefaction      Hex/Erth       ######....   1%          4
 Passage of Golubria      Tloc           N/A          1%          4
 Petrify                  Tmut/Erth      ######..     1%          4
 Sticky Flame             Conj/Fire      ######..     1%          4
 Summon Ice Beast         Ice/Summ       ######..     1%          4
 Summon Lightning Spire   Summ/Air       ######..     1%          4
 Agony                    Necr           ######..     1%          5
 Alistair's Intoxication  Tmut/Pois      ######...    1%          5
 Bolt of Magma            Conj/Fire/Erth ######....   1%          5
 Borgnjor's Vile Clutch   Necr/Erth      ######....   1%          5
 Fireball                 Conj/Fire      ######....   1%          5
 Irradiate                Conj/Tmut      ######....   1%          5
 Lee's Rapid Deconstruct  Erth           ######....   1%          5
 Lightning Bolt           Conj/Air       ######....   1%          5
 Metabolic Englaciation   Hex/Ice        ######....   1%          5
 Silence                  Hex/Air        ######....   1%          5
 Summon Demon             Summ           ######....   1%          5
 Summon Forest            Summ/Tloc      ######....   1%          5
 Summon Mana Viper        Hex/Summ       ######..     1%          5
 Yara's Violent Unravell  Hex/Tmut       ######....   1%          5
 Simulacrum               Ice/Necr       ######....   4%          6
 Death Channel            Necr           ######....   7%          6
 Dispersal                Tloc           ######....   7%          6
 Eringya's Noxious Bog    Tmut/Pois      ######....   7%          6
 Hydra Form               Tmut           ######....   7%          6
 Invisibility             Hex            ######..     7%          6
 Iron Shot                Conj/Erth      ######....   7%          6
 Shadow Creatures         Summ           N/A          7%          6
 Statue Form              Tmut/Erth      ######...    7%          6
 Dragon Form              Tmut           ######....   36%         7
 Summon Hydra             Summ           ######....   36%         7
 Disjunction              Tloc           ######....   96%         8
 Shatter                  Erth           ######....   100%        9


Dungeon Overview and Level Annotations

Branches:
Dungeon (14/15)            Temple (0/1) D:7            Lair (6/6) D:11
  Swamp (4/4) Lair:4        Snake (4/4) Lair:2        Slime (5/5) Lair:6
    Orc (2/2) D:9             Elf (3/3) Orc:2        Vaults (5/5) D:13
  Crypt (0/3) Vaults:3      IceCv (visited)

Altars:
Ashenzari
Cheibriados
Fedhas
Sif Muna
Trog
Uskayaw
Vehumet
Xom
Yredelemnul
Beogh
Jiyva

Shops:
D:10 [   Orc:2 =}([(   Elf:1 (   Vaults:5 =

Portals:
Trove: Vaults:2 (give +6 demon blade)

Annotations:
Slime:5 Royal Jelly
Vaults:5 corrupted


Innate Abilities, Weirdness & Mutations

Your experience applies equally to all skills.
You have very sharp teeth.
Your uncanny sense of smell can sniff out nearby items.
You have sharp fingernails.
Your skin changes colour to match your surroundings (Stealth+).
Scrolls take you a little longer to read.
Your mind is acute. (Int +2)
You are clumsy. (Dex -2)
You are frail. (-10% HP)
Your magical capacity is extremely low. (-30% MP)
Your muscles are strong. (Str +2)


Message History

You block the acid blob's attack. x2
As you read the scroll of teleportation, it crumbles to dust.
You feel strangely unstable. The acid blob spits acid at you.
The splash of acid hits you!
You are splashed with acid!
The acid blob spits acid at you.
The splash of acid hits you but does no damage.
The acid corrodes you!
You are splashed with acid!
* * * LOW HITPOINT WARNING * * *
You block the acid blob's attack. The acid blob spits acid at you.
The splash of acid hits you!
* * * LOW HITPOINT WARNING * * *
The acid corrodes you!
You are splashed with acid!
* * * LOW HITPOINT WARNING * * *
The acid blob spits acid at you. The splash of acid hits you!
* * * LOW HITPOINT WARNING * * *
The acid corrodes you!
You are splashed with acid!
You die...

##....#................ #
##....#.............##.. ##
###...........#......##### .#
##....................# ##
#....................## # ##
##....#.#.....>.......###### .##
#.....#....^J..........#.... ..#
###...........J..............
.####...........@................
## #....#...<............#.....#.
# ##...................###.###..
.# #.....##....##......# ### ##.
## ##................#.## ## #
#..................## #
##..................#
##...###......#....##
#....#...##.###....#


You could see 2 acid blobs.

Vanquished Creatures
  Bai Suzhen (Swamp:2)
  Frederick (Vaults:4)
  Vashnia (Snake:4)
  Saint Roka (Snake:3)
  4 golden dragons
  Nikola (Snake:2)
  2 liches (Vaults:5)
  3 tentacled monstrosities (Vaults:4)
  2 quicksilver dragons (Vaults:4)
  4 titans (Vaults:4)
  4 deep elf master archers (Elf:3)
  3 deep elf blademasters (Elf:3)
  18 acid blobs
  3 sphinxes
  4 thorn hunters
  Kirke (Swamp:2)
  3 tengu reavers
  Gastronok (Lair:2)
  5 storm dragons
  Roxanne (Elf:3)
  5 shadow dragons
  15 azure jellies
  6 fire giants
  2 iron dragons (Vaults:5)
  11 vault wardens
  9 nagarajas
  A frost giant (Vaults:1)
  The ghost of sneaky the Fighter, a journeyman DrFE of Sif Muna (Lair:6)
  4 deep elf sorcerers
  2 deep elf elementalists (Elf:3)
  An orc warlord (Orc:1)
  Aizul (Snake:3)
  The ghost of Warutwut the Sharpshooter, a journeyman MiHu of Okawaru (Lair:4)
  10 ironheart preservers
  11 very ugly things
  11 stone giants
  3 vampire knights
  An entropy weaver (Vaults:4)
  10 deep elf annihilators
  Azrael (Elf:2)
  6 deep elf demonologists
  8 deep elf death magi
  A crystal guardian (Vaults:2)
  10 ettins
  12 death oozes
  A rakshasa (Vaults:1)
  3 deep elf high priests
  11 yaktaur captains
  16 hydras
  3 fire dragons
  31 vault guards (Vaults:4)
  10 great orbs of eyes
  A ghost crab (Swamp:3)
  16 naga warriors
  4 ice dragons
  Harold (Lair:2)
  7 anacondas
  3 shambling mangroves
  9 centaur warriors
  5 death knights
  12 ogre magi
  An anaconda (shapeshifter) (Vaults:5)
  15 alligators
  29 dancing weapons
  33 two-headed ogres
  5 death yaks
  29 naga sharpshooters
  5 orc high priests
  Urug (D:11)
  2 shock serpents
  19 deep elf knights
  A small abomination (Elf:1)
  7 skeletal warriors
  A large abomination (Elf:3)
  A sea snake (shapeshifter) (Vaults:5)
  4 salamander mystics
  An entropy weaver zombie (Vaults:2)
  2 unseen horrors
  5 spriggan druids
  8 swamp dragons
  3 deep trolls
  A swamp dragon (shapeshifter) (Vaults:3)
  14 deep elf archers
  A glowing orange brain (Slime:5)
  5 flayed ghosts
  A tengu zombie (Vaults:2)
  19 ironbrand convokers
  A spectral hydra (Swamp:3)
  10 naga ritualists
  3 wizards (Vaults:3)
  14 harpies
  63 deep elf magi
  An orb spider (shapeshifter) (Vaults:3)
  6 orc sorcerers
  An orb spider (Abyss:1)
  6 phantasmal warriors
  4 wolf spiders
  5 mana vipers
  14 orc knights
  2 necromancers
  5 shining eyes
  A cyclops (shapeshifter) (Vaults:4)
  A wolf spider (shapeshifter) (Elf:2)
  18 ugly things
  A salamander (shapeshifter) (Vaults:1)
  3 cyclopes
  13 elephants
  10 salamanders
  3 eyes of devastation
  6 guardian serpents
  25 black mambas
  27 naga magi
  12 vault sentinels
  An ice statue (IceCv)
  A cane toad (shapeshifter) (Vaults:1)
  5 torpor snails
  8 cane toads
  5 komodo dragons
  Maggie (Lair:2)
  27 yaktaurs
  A human zombie (Vaults:2)
  A kobold demonologist (Abyss:1)
  A yaktaur zombie (Vaults:2)
  A rime drake (Lair:2)
  19 freezing wraiths
  A polar bear (shapeshifter) (Elf:1)
  3 hydra zombies (Swamp:4)
  5 death drake zombies (Swamp:4)
  6 trolls
  109 slime creatures
  3 polar bears
  A wolf spider simulacrum (IceCv)
  9 tyrant leeches
  18 blink frogs
  18 hornets
  6 hippogriffs
  9 bog bodies
  A stone giant simulacrum (Vaults:3)
  Grinder (D:6)
  A hydra skeleton (Swamp:4)
  11 dream sheep
  A human simulacrum (Vaults:3)
  A tarantella (Vaults:4)
  3 redbacks (Vaults:4)
  4 shadows
  6 water elementals
  34 yaks
  4 vampires
  19 spriggans
  5 wyverns
  2 wraiths
  3 air elementals
  9 fire elementals
  A ynoxinul (Abyss:1)
  30 golden eyes
  3 basilisks
  10 vampire mosquitoes
  A death yak simulacrum (IceCv)
  61 nagas
  4 wargs
  A soldier ant (D:14)
  2 acid dragons
  20 swamp worms
  15 insubstantial wisps
  5 hydra simulacra (Swamp:4)
  A soldier ant (shapeshifter) (Vaults:4)
  12 water moccasins
  6 porcupines
  4 sky beasts
  2 floating eyes (shapeshifter)
  3 hell hounds (Elf:2)
  14 swamp drakes
  10 ice beasts
  43 orc warriors
  2 swamp dragon zombies (Swamp:4)
  5 black bears (Lair:6)
  2 black bears (shapeshifter)
  An ettin simulacrum (Vaults:2)
  10 eyes of draining
  27 ogres
  12 centaurs
  3 phantoms
  4 boggarts
  2 necrophages
  2 swamp dragon skeletons (Swamp:4)
  49 wolves
  3 big kobolds
  10 crocodiles
  8 bullfrogs
  A gnoll sergeant (D:9)
  2 glowing shapeshifter simulacra
  An earth elemental (Elf:3)
  2 scorpions
  A wyvern skeleton (D:13)
  6 killer bees (D:9)
  An orc simulacrum (Vaults:2)
  28 wights
  4 howler monkeys
  An electric eel (Lair:3)
  5 centaur zombies
  5 draconian simulacra (IceCv)
  2 quasits
  A bullfrog zombie (D:13)
  7 jellies
  38 orc priests
  4 hounds
  2 bullfrog skeletons
  10 iguanas
  4 centaur skeletons
  37 orc wizards
  8 worker ants
  4 troll simulacra (IceCv)
  A wolf simulacrum (IceCv)
  A polar bear simulacrum (IceCv)
  3 centaur simulacra (IceCv)
  A hound skeleton (D:4)
  A howler monkey zombie (D:6)
  A worker ant zombie (D:11)
  8 gnolls
  12 adders
  6 naga simulacra (IceCv)
  2 ogre simulacra (IceCv)
  13 white imps
  An ufetubus (D:6)
  An ooze (D:7)
  An adder zombie (D:9)
  2 adder skeletons
  4 worms
  5 dart slugs
  13 leopard geckos
  83 orcs
  2 ball pythons
  3 giant cockroaches
  10 hobgoblins
  10 jackals
  12 quokkas
  9 bats
  4 frilled lizards
  6 goblins
  16 kobolds
  A leopard gecko zombie (D:7)
  A quokka skeleton (D:6)
  6 rats
  4 briar patches (Swamp:4)
  2 butterflies (Lair:5)
  2 crawling corpses (Elf:3)
1980 creatures vanquished.

Vanquished Creatures (others)
  A tengu reaver (Vaults:5)
  A nagaraja (Snake:3)
  An ironheart preserver (Vaults:1)
  A dancing weapon (Elf:3)
  A naga sharpshooter (Snake:2)
  2 deep elf knights (Elf:1)
  An ironbrand convoker (Vaults:5)
  3 naga magi
  A freezing wraith (Vaults:5)
  2 humans (Swamp:2)
  An ogre (Vaults:3)
  An orc priest (Orc:2)
  2 orc wizards
  An orc (D:12)
  7 briar patches (Swamp:4)
  30 fungi
  83 plants
139 creatures vanquished.

Grand Total: 2119 creatures vanquished

Notes
Turn   | Place    | Note
-------+----------+-------------------------------------------
     0 | Abyss:1  | Gargoyl the Gnoll Abyssal Knight began the quest for the
                  | Orb.
     0 | Abyss:1  | Reached XP level 1. HP: 23/23 MP: 3/3
     8 | Abyss:2  | Found a corrupted altar of Lugonu.
    17 | Abyss:2  | Noticed a quasit
    27 | D:1      | Escaped the Abyss
   160 | D:1      | Reached XP level 2. HP: 29/29 MP: 5/5
   166 | D:1      | Reached * piety under Lugonu
   321 | D:1      | Reached XP level 3. HP: 35/35 MP: 6/6
   805 | D:2      | Reached skill level 1 in Short Blades
   805 | D:2      | Reached skill level 1 in Long Blades
   805 | D:2      | Reached skill level 1 in Maces & Flails
   805 | D:2      | Reached skill level 1 in Polearms
   805 | D:2      | Reached skill level 1 in Staves
   805 | D:2      | Reached skill level 1 in Slings
   805 | D:2      | Reached skill level 1 in Bows
   805 | D:2      | Reached skill level 1 in Crossbows
   805 | D:2      | Reached skill level 1 in Throwing
   805 | D:2      | Reached skill level 1 in Stealth
   805 | D:2      | Reached skill level 1 in Shields
   805 | D:2      | Reached skill level 1 in Unarmed Combat
   805 | D:2      | Reached skill level 1 in Spellcasting
   805 | D:2      | Reached skill level 1 in Evocations
   819 | D:2      | Reached XP level 4. HP: 41/41 MP: 7/7
  1021 | D:2      | Reached skill level 1 in Conjurations
  1021 | D:2      | Reached skill level 1 in Hexes
  1021 | D:2      | Reached skill level 1 in Summonings
  1021 | D:2      | Reached skill level 1 in Necromancy
  1021 | D:2      | Reached skill level 1 in Translocations
  1021 | D:2      | Reached skill level 1 in Transmutations
  1021 | D:2      | Reached skill level 1 in Fire Magic
  1021 | D:2      | Reached skill level 1 in Ice Magic
  1021 | D:2      | Reached skill level 1 in Air Magic
  1021 | D:2      | Reached skill level 1 in Earth Magic
  1021 | D:2      | Reached skill level 1 in Poison Magic
  1349 | D:2      | Reached XP level 5. HP: 47/47 MP: 8/8
  1765 | D:2      | Reached ** piety under Lugonu
  2204 | D:3      | Found a shimmering altar of Xom.
  2206 | D:3      | Found a radiant altar of Vehumet.
  2206 | D:3      | Found a radiant altar of Vehumet.
  2208 | D:3      | Found a hide-covered altar of Uskayaw.
  2208 | D:3      | Found a bloodstained altar of Trog.
  2208 | D:3      | Found a white marble altar of Elyvilon.
  2533 | D:3      | Noticed an ogre
  2544 | D:3      | Killed an ogre
  2544 | D:3      | Reached skill level 5 in Axes
  2544 | D:3      | Reached skill level 5 in Armour
  2544 | D:3      | Reached skill level 5 in Invocations
  2544 | D:3      | Reached XP level 6. HP: 50/53 MP: 9/9
  2950 | D:4      | Noticed a phantom
  3034 | D:4      | Killed a phantom
  3034 | D:4      | Reached XP level 7. HP: 34/59 MP: 10/10
  3202 | D:4      | Reached *** piety under Lugonu
  3727 | D:5      | Entered Level 5 of the Dungeon
  4010 | D:5      | Found the ring of Robustness {AC+8}
  4119 | D:5      | Found a shimmering blue altar of Sif Muna.
  4451 | D:5      | Found a shattered altar of Ashenzari.
  4650 | D:6      | Reached XP level 8. HP: 66/67 MP: 12/12
  4664 | D:6      | Noticed Grinder
  4673 | D:6      | Paralysed by Grinder for 5 turns
  5061 | D:6      | Paralysed by Grinder for 2 turns
  5080 | D:6      | Killed Grinder
  5894 | D:7      | Found a staircase to the Ecumenical Temple.
  6224 | D:7      | Reached XP level 9. HP: 64/72 MP: 14/14
  6580 | D:7      | Reached **** piety under Lugonu
  6837 | D:8      | Noticed a two-headed ogre
  6895 | D:8      | Killed a two-headed ogre
  6895 | D:8      | Reached skill level 5 in Dodging
  8101 | D:9      | Found a staircase to the Orcish Mines.
  8215 | D:9      | Noticed a troll
  8252 | D:9      | Killed a troll
  8252 | D:9      | Reached XP level 10. HP: 61/80 MP: 17/17
  8490 | D:9      | Reached skill level 5 in Short Blades
  8490 | D:9      | Reached skill level 5 in Long Blades
  8490 | D:9      | Reached skill level 5 in Maces & Flails
  8490 | D:9      | Reached skill level 5 in Polearms
  8490 | D:9      | Reached skill level 5 in Staves
  8490 | D:9      | Reached skill level 5 in Slings
  8490 | D:9      | Reached skill level 5 in Bows
  8490 | D:9      | Reached skill level 5 in Crossbows
  8490 | D:9      | Reached skill level 5 in Throwing
  8490 | D:9      | Reached skill level 5 in Stealth
  8490 | D:9      | Reached skill level 5 in Shields
  8490 | D:9      | Reached skill level 5 in Unarmed Combat
  8490 | D:9      | Reached skill level 5 in Spellcasting
  8490 | D:9      | Reached skill level 5 in Evocations
  8899 | D:10     | Entered Level 10 of the Dungeon
 10002 | D:10     | Identified a scroll of acquirement
 10002 | D:10     | Acquired the ring of Broken Luck {rN+ MR+ MP+9 Dex+6}
 10124 | D:10     | Reached ***** piety under Lugonu
 10283 | D:10     | You fall into a shaft and drop 3 floors!
 10287 | D:13     | Noticed a skeletal warrior
 10722 | D:12     | Noticed a two-headed ogre
 10742 | D:12     | Killed a two-headed ogre
 10742 | D:12     | Reached XP level 11. HP: 61/87 MP: 19/19
 10992 | D:11     | Reached skill level 5 in Conjurations
 10992 | D:11     | Reached skill level 5 in Hexes
 10992 | D:11     | Reached skill level 5 in Summonings
 10992 | D:11     | Reached skill level 5 in Necromancy
 10992 | D:11     | Reached skill level 5 in Translocations
 10992 | D:11     | Reached skill level 5 in Transmutations
 10992 | D:11     | Reached skill level 5 in Fire Magic
 10992 | D:11     | Reached skill level 5 in Ice Magic
 10992 | D:11     | Reached skill level 5 in Air Magic
 10992 | D:11     | Reached skill level 5 in Earth Magic
 10992 | D:11     | Reached skill level 5 in Poison Magic
 11558 | D:11     | Noticed a two-headed ogre
 11585 | D:11     | Killed a two-headed ogre
 12267 | D:10     | Found the +12 Vampire's Tooth {vamp}
 12289 | D:10     | Found Ixkanut's Armour Emporium.
 12294 | D:10     | Bought a +2 pair of gloves for 264 gold pieces
 12294 | D:10     | Bought a +1 chain mail of poison resistance for 216 gold
                  | pieces
 12294 | D:10     | Bought a +0 pair of boots for 72 gold pieces
 12485 | D:11     | Noticed Urug
 12505 | D:11     | Killed Urug
 12590 | D:11     | Found a staircase to the Lair.
 12753 | D:11     | Noticed a two-headed ogre
 12764 | D:11     | Killed a two-headed ogre
 13007 | Lair:1   | Entered Level 1 of the Lair of Beasts
 13086 | Lair:1   | Reached XP level 12. HP: 96/96 MP: 22/22
 13331 | Lair:1   | Got a warped spear
 13332 | Lair:1   | Identified the +8 spear of Fixation {flame, rElec rF++ rC-
                  | Stlth+} (You found it on level 1 of the Lair of Beasts)
 13560 | Lair:2   | Noticed Harold
 13638 | Lair:2   | Noticed a seven-headed hydra
 13705 | Lair:1   | Killed a seven-headed hydra
 13776 | Lair:2   | Killed Harold
 14200 | Lair:2   | Found a snail-covered altar of Cheibriados.
 14223 | Lair:2   | Reached skill level 10 in Fighting
 14301 | Lair:2   | Noticed Maggie
 14316 | Lair:2   | Killed Maggie
 14399 | Lair:2   | Found a staircase to the Snake Pit.
 14480 | Lair:2   | Noticed Gastronok
 14543 | Lair:2   | Killed Gastronok
 14743 | Lair:2   | Reached XP level 13. HP: 99/103 MP: 24/24
 16172 | Lair:4   | Reached ****** piety under Lugonu
 16199 | Lair:4   | Reached skill level 10 in Invocations
 16614 | Lair:4   | Found a staircase to the Swamp.
 17188 | Lair:5   | Found a runed translucent gate.
 17188 | Lair:5   | Noticed a death ooze
 17189 | Lair:5   | Found a runed translucent gate.
 17191 | Lair:5   | Found a runed translucent gate.
 17798 | Lair:5   | Noticed Warutwut's ghost (journeyman MiHu)
 17800 | Lair:5   | Found a viscous altar of Jiyva.
 17886 | Lair:4   | Killed Warutwut's ghost
 18050 | Lair:4   | Killed a death ooze
 18198 | Lair:5   | Identified the Reference Book on the Glacial Escort
 18374 | Lair:6   | Entered Level 6 of the Lair of Beasts
 18530 | Lair:5   | Reached XP level 14. HP: 104/111 MP: 26/26
 18593 | Lair:5   | Reached skill level 10 in Axes
 18593 | Lair:5   | Reached skill level 10 in Armour
 19159 | Lair:6   | Found a runed translucent door.
 19160 | Lair:6   | Noticed sneaky's ghost (journeyman DrFE)
 19312 | Lair:6   | Killed sneaky's ghost
 19517 | Lair:6   | Found a staircase to the Slime Pits.
 21210 | D:12     | Escaped the Abyss
 22014 | D:13     | Reached skill level 10 in Dodging
 22113 | D:13     | Reached XP level 15. HP: 110/119 MP: 28/28
 22901 | D:13     | Found a gate to the Vaults.
 23471 | D:14     | Reached skill level 10 in Short Blades
 23471 | D:14     | Reached skill level 10 in Long Blades
 23471 | D:14     | Reached skill level 10 in Maces & Flails
 23471 | D:14     | Reached skill level 10 in Polearms
 23471 | D:14     | Reached skill level 10 in Staves
 23471 | D:14     | Reached skill level 10 in Slings
 23471 | D:14     | Reached skill level 10 in Bows
 23471 | D:14     | Reached skill level 10 in Crossbows
 23471 | D:14     | Reached skill level 10 in Throwing
 23471 | D:14     | Reached skill level 10 in Stealth
 23471 | D:14     | Reached skill level 10 in Shields
 23471 | D:14     | Reached skill level 10 in Unarmed Combat
 23471 | D:14     | Reached skill level 10 in Spellcasting
 23471 | D:14     | Reached skill level 10 in Evocations
 23864 | D:14     | Acquired 1390 gold pieces
 24223 | Orc:1    | Entered Level 1 of the Orcish Mines
 24226 | Orc:1    | Found a frozen archway.
 24240 | IceCv    | Entered an ice cave
 24798 | IceCv    | Found an ancient bone altar of Kikubaaqudgha.
 25426 | Orc:1    | Noticed an orc warlord
 25477 | Orc:1    | Killed an orc warlord
 25931 | Orc:1    | Found a roughly hewn altar of Beogh.
 26256 | Orc:2    | Entered Level 2 of the Orcish Mines
 26622 | Orc:2    | Found Cotipyim's Antique Weapon Shop.
 26690 | Orc:2    | Found a staircase to the Elven Halls.
 27105 | Orc:2    | Found Gucuas's Gadget Shop.
 27105 | Orc:2    | Found Utsocvib's Jewellery Shop.
 27119 | Orc:2    | Found Sutol's Antique Weapon Boutique.
 27121 | Orc:2    | Found Syfomp's Antique Armour Boutique.
 27123 | Orc:2    | Gained mutation: Scrolls take you a little longer to read.
                  | [a neqoxec]
 27503 | Elf:1    | Entered Level 1 of the Elven Halls
 27503 | Elf:1    | Found Qenann's Weapon Emporium.
 27586 | Elf:1    | Reached XP level 16. HP: 127/127 MP: 30/30
 29266 | Elf:2    | Reached skill level 10 in Ice Magic
 29976 | Elf:2    | Found a huge runed translucent gate.
 29982 | Elf:2    | Found a huge runed translucent gate.
 29982 | Elf:2    | Found a huge runed translucent gate.
 29982 | Elf:2    | Noticed Azrael
 29983 | Elf:2    | Found a huge runed translucent gate.
 29983 | Elf:2    | Found a huge runed translucent gate.
 30429 | Elf:2    | Reached XP level 17. HP: 121/135 MP: 32/32
 30624 | Elf:2    | Killed Azrael
 31056 | Abyss:1  | HP: 1/135 [poisoned by a +3 war axe of venom]
 31279 | Elf:2    | Escaped the Abyss
 32081 | Elf:3    | Entered Level 3 of the Elven Halls
 32085 | Elf:3    | Identified Roxanne's Incunabulum of the Rocks
 32085 | Elf:3    | Noticed Roxanne
 33173 | Elf:3    | Killed Roxanne
 33281 | Elf:3    | Reached skill level 10 in Conjurations
 33281 | Elf:3    | Reached skill level 10 in Hexes
 33281 | Elf:3    | Reached skill level 10 in Summonings
 33281 | Elf:3    | Reached skill level 10 in Necromancy
 33281 | Elf:3    | Reached skill level 10 in Translocations
 33281 | Elf:3    | Reached skill level 10 in Transmutations
 33281 | Elf:3    | Reached skill level 10 in Fire Magic
 33281 | Elf:3    | Reached skill level 10 in Air Magic
 33281 | Elf:3    | Reached skill level 10 in Earth Magic
 33281 | Elf:3    | Reached skill level 10 in Poison Magic
 33322 | Elf:3    | Noticed a Hell Sentinel
 33369 | Elf:3    | Noticed a deep elf master archer
 33372 | Elf:3    | Identified the ring "Agurut" {+Inv rElec rN+ Str-3 Int+3}
 33377 | Elf:3    | Killed a deep elf master archer
 33379 | Elf:3    | Identified the +1 leather armour of Omission {rPois rC- MR+
                  | MP+9}
 33610 | Elf:3    | Noticed a deep elf blademaster
 33632 | Elf:3    | Killed a deep elf blademaster
 33688 | Elf:3    | Noticed a deep elf blademaster
 33696 | Elf:3    | Reached XP level 18. HP: 143/143 MP: 33/33
 33729 | Elf:3    | Killed a deep elf blademaster
 33763 | Elf:3    | Noticed a deep elf blademaster
 33799 | Elf:3    | Killed a deep elf blademaster
 34007 | Elf:3    | Identified the +0 ring mail of Day {Dex+3}
 34007 | Elf:3    | Noticed a deep elf master archer
 34020 | Elf:3    | Killed a deep elf master archer
 34305 | Elf:3    | Identified the +1 robe of Autumn {MR+ Str+3 Dex+2}
 34305 | Elf:3    | Noticed a deep elf master archer
 34322 | Elf:3    | Killed a deep elf master archer
 34393 | Elf:3    | Identified the amulet "Jyjaoxij" {Reflect MP-9 Str+6 Int+3
                  | Dex+4 SH+5}
 34393 | Elf:3    | Noticed a deep elf master archer
 34400 | Elf:3    | Killed a deep elf master archer
 34549 | Elf:3    | Identified the Volume of Transmutation and Air
 34939 | Snake:1  | Entered Level 1 of the Snake Pit
 35931 | Snake:2  | Noticed Nikola
 35958 | Snake:2  | Killed Nikola
 37437 | Snake:3  | Reached XP level 19. HP: 141/151 MP: 35/35
 37896 | Snake:3  | Noticed Aizul
 37936 | Snake:3  | Killed Aizul
 38294 | Snake:3  | Noticed Saint Roka
 38345 | Snake:3  | Killed Saint Roka
 38943 | Snake:4  | Entered Level 4 of the Snake Pit
 40147 | Snake:4  | Got a serpentine rune of Zot
 40272 | Snake:4  | Noticed Vashnia
 40382 | Snake:4  | Killed Vashnia
 40627 | Snake:4  | Acquired 690 gold pieces
 41036 | Snake:4  | Reached XP level 20. HP: 160/160 MP: 37/37
 41503 | Vaults:1 | Entered Level 1 of the Vaults
 41560 | Vaults:1 | Lost mutation: Scrolls take you a little longer to read.
                  | [potion of mutation]
 41560 | Vaults:1 | Gained mutation: Your muscles are strong. (Str +2) [potion
                  | of mutation]
 41560 | Vaults:1 | Gained mutation: You have sharp fingernails. [potion of
                  | mutation]
 41560 | Vaults:1 | Gained mutation: Your mind is acute. (Int +2) [potion of
                  | mutation]
 41560 | Vaults:1 | Gained mutation: Your skin changes colour to match your
                  | surroundings (Stealth+). [potion of mutation]
 42792 | Vaults:1 | Reached skill level 15 in Invocations
 44698 | Vaults:2 | Found a portal to a secret trove of treasure.
 45133 | Vaults:3 | Reached XP level 21. HP: 167/167 MP: 38/38
 45860 | Vaults:3 | Reached skill level 15 in Fighting
 47696 | Vaults:3 | Found a staircase to the Crypt.
 48770 | Vaults:4 | Noticed Frederick
 48833 | Vaults:4 | Killed Frederick
 48833 | Vaults:4 | Reached XP level 22. HP: 176/176 MP: 40/40
 49605 | Vaults:5 | Entered Level 5 of the Vaults
 49606 | Vaults:5 | Corrupted Vaults:5
 49796 | Vaults:4 | Reached skill level 15 in Axes
 49796 | Vaults:4 | Reached skill level 15 in Armour
 49796 | Vaults:4 | Reached skill level 15 in Ice Magic
 50628 | Vaults:5 | Noticed a golden dragon
 51118 | Vaults:4 | Killed a golden dragon
 51148 | Vaults:5 | Noticed a golden dragon
 51368 | Vaults:4 | Killed a golden dragon
 51900 | Vaults:5 | Noticed a golden dragon
 51935 | Vaults:4 | Reached skill level 15 in Dodging
 52004 | Vaults:5 | Identified the ring "Xaugipuga" {*Tele rPois rN++ Str-4
                  | Stlth+}
 52101 | Vaults:4 | Killed a golden dragon
 52311 | Vaults:5 | Reached XP level 23. HP: 159/183 MP: 41/41
 52715 | Vaults:5 | Identified the Guide on the Harmful Entourage
 52786 | Vaults:5 | Got a silver rune of Zot
 53010 | Vaults:5 | Reached skill level 15 in Short Blades
 53010 | Vaults:5 | Reached skill level 15 in Long Blades
 53010 | Vaults:5 | Reached skill level 15 in Maces & Flails
 53010 | Vaults:5 | Reached skill level 15 in Polearms
 53010 | Vaults:5 | Reached skill level 15 in Staves
 53010 | Vaults:5 | Reached skill level 15 in Slings
 53010 | Vaults:5 | Reached skill level 15 in Bows
 53010 | Vaults:5 | Reached skill level 15 in Crossbows
 53010 | Vaults:5 | Reached skill level 15 in Throwing
 53010 | Vaults:5 | Reached skill level 15 in Stealth
 53010 | Vaults:5 | Reached skill level 15 in Shields
 53010 | Vaults:5 | Reached skill level 15 in Unarmed Combat
 53010 | Vaults:5 | Reached skill level 15 in Spellcasting
 53010 | Vaults:5 | Reached skill level 15 in Evocations
 53367 | Vaults:5 | Identified the ring of Waergh {rElec rF+ rC- Str+7 Dex+2}
 53961 | Vaults:5 | Found Eteosaok's Jewellery Shoppe.
 54099 | Vaults:5 | Noticed a golden dragon
 54162 | Vaults:5 | Killed a golden dragon
 54355 | Vaults:5 | Identified the +6 scimitar "Sajaiq" {vorpal, Dex+5}
 54373 | Vaults:5 | Identified the +1 plate armour of the Storm King {Slay+2}
 55343 | Swamp:1  | Entered Level 1 of the Swamp
 56387 | Swamp:2  | Noticed Kirke
 56400 | Swamp:2  | Killed Kirke
 56686 | Swamp:2  | Found a transporter.
 56687 | Swamp:2  | Found a transporter.
 56841 | Swamp:2  | Got a distressingly furry plate armour
 56882 | Swamp:2  | Identified the +8 plate armour of the Vestibule of Hell
                  | {Harm rC++ Str+2 Dex-5} (You found it on level 2 of the
                  | Swamp)
 57333 | Swamp:3  | Noticed Bai Suzhen
 57406 | Swamp:2  | Killed Bai Suzhen
 57556 | Swamp:3  | Reached XP level 24. HP: 185/193 MP: 42/42
 58737 | Swamp:4  | Entered Level 4 of the Swamp
 60289 | Swamp:4  | Found a basalt altar of Yredelemnul.
 60327 | Swamp:4  | Found a blossoming altar of Fedhas.
 60519 | Swamp:4  | Got a decaying rune of Zot
 60737 | Slime:1  | Entered Level 1 of the Pits of Slime
 60971 | Slime:1  | Gained mutation: Your magical capacity is low. (-10% MP) [a
                  | shining eye]
 60977 | Slime:1  | Gained mutation: Your magical capacity is very low. (-20%
                  | MP) [a shining eye]
 65891 | Slime:4  | Reached XP level 25. HP: 201/201 MP: 34/34
 66802 | Slime:5  | Entered Level 5 of the Pits of Slime
 67752 | Slime:4  | Gained mutation: You are clumsy. (Dex -2) [a shining eye]
 67764 | Slime:4  | Gained mutation: Your magical capacity is extremely low.
                  | (-30% MP) [a shining eye]
 68094 | Slime:5  | Gained mutation: You are frail. (-10% HP) [a shining eye]
 68100 | Slime:5  | Gained mutation: Scrolls take you a little longer to read.
                  | [a shining eye]
 68201 | Slime:5  | Noticed the Royal Jelly
 68337 | Slime:4  | HP: 9/180 [acid blob/splash of acid[the Royal Jelly] (11)]
 68337 | Slime:4  | Splashed by an acid blob's acid

Illustrated notes

Levels and vault maps discovered:
D:1:      dpeg_arrival_boxorama, layout_basic
D:2:      layout_loops_cross, minmay_diced_spiral
D:3:      minmay_chambers_of_threes, layout_basic, doesnt_xom_only_xom
D:4:      layout_rooms
D:5:      layout_rooms, lemuel_coloured_pillars_altar, chequers_garden,
          lemuel_blue_sif_altar
D:6:      layout_loops_ring, uniq_eustachio, uniq_grinder
D:7:      layout_gridville, minmay_temple_entry_antechambers
D:8:      layout_loops_cross
D:9:      layout_stronghold, orc_0_dummy, grunt_ministairs_12
D:10:     layout_irregular_city, serial_shops, shop
D:11:     layout_roguey, erik_lair_dragon, uniq_urug
D:12:     layout_layer_cave
D:13:     layout_loops_ring, hangedman_vaults_entry_quadrant_bands,
          nicolae_wwwww, lightli_fourway_metalbox
D:14:     layout_gridville
Lair:1:   layout_misc_corridors, lemuel_fruit_tree
Lair:2:   layout_big_grid, minmay_snake_entry_guardpost_small,
          kennysheep_snail_temple, uniq_gastronok, uniq_maggie, uniq_harold
Lair:3:   layout_regular_city, serial_bayou_pond_a, serial_bayou_shore_a
Lair:4:   layout_gridlike, minmay_swamp_entry_wisps, bh_autumn_forest_stairs,
          grunt_forest_large_clearings
Lair:5:   layout_gridlike, gammafunk_ghost_ooze, grunt_megastairs_4,
          lemuel_fruit_fields
Lair:6:   minmay_lair_end_enchanted_forest, layout_misc_corridors, slime_dummy,
          ebering_ghost_inner_flame
Swamp:1:  layout_basic_swamp, evilmike_swamp_ruin_rubble_1, worms_lemuel,
          infiniplex_staircase_pool
Swamp:2:  gammafunk_the_bubble [the_bubble_gammafunk_split], layout_basic_swamp,
          evilmike_swamp_ruin_wall, uniq_kirke
Swamp:3:  layout_falls_marsh, nicolae_swamp_treefoil, uniq_bai_suzhen
Swamp:4:  byrel_swamp_growth_death_and_undeath, layout_basic_swamp
Snake:1:  layout_misc_corridors, nrook_guardian_serpent_double
Snake:2:  layout_gridlike, st_stairs_3, uniq_nikola
Snake:3:  layout_basic, uniq_aizul, uniq_saint_roka
Snake:4:  snake_pit, layout_gridlike, uniq_vashnia
Slime:1:  layout_caves
Slime:2:  layout_caves, nicolae_slime_welcoming_committee
Slime:3:  layout_caves
Slime:4:  layout_caves
Slime:5
Orc:1:    orc_temple, layout_caves, portal_ice_cave_entry_pillars_1
Orc:2:    st_orc_mages, layout_diamond_mine, serial_shops, shop_fountains
Elf:1:    layout_geoelf_grid, serial_shops, shop, minmay_elf_crystal_heptagon
Elf:2:    layout_loops_cross, drop_trap, due_unseen_surprise, uniq_azrael
Elf:3:    minmay_elf_hall_statues, layout_gridlike, uniq_roxanne
Vaults:1: nicolae_vaults_an_arrangement, nicolae_vaults_windows_and_doors_thing,
          vaults_room_pools, hangedman_vaults_cutoff, v_misc_25, v_pattern_5,
          nicolae_vaults_bisected_slash, nicolae_vaults_mini_display_case,
          grunt_vaults_hallway_short, v_misc_12, nicolae_vaults_gold_heap,
          v_misc_30, layout_vaults_omnigrid
Vaults:2: nicolae_vaults_back_hallway, nicolae_vaults_yaktaur_gun_rack,
          ontoclasm_vaults_twist, v_rooms_3, vaults_room_corners, v_misc_25,
          vaults_room_door_ring, nicolae_vaults_little_squares_2, v_misc_18,
          layout_vaults_big_room, enter_trove_3
Vaults:3: vaults_standard_mumra_enter_the_diamond, hangedman_vaults_corner,
          hangedman_vaults_slice, nicolae_vaults_little_squares_1, v_pattern_4,
          grunt_vaults_diagonal, serial_ice_h, minmay_crypt_entry_vampire_xt,
          nicolae_vaults_shelves_hall, v_misc_24, hangedman_vaults_unwind,
          vaults_mumra_minichess, vaults_room_hallway, nicolae_vaults_murderbox,
          vaults_room_hallway, layout_vaults_ring
Vaults:4: grunt_vaults_twisty, nicolae_vaults_three_branches,
          nicolae_vaults_big_ls, dpeg_vaults_waves, hangedman_vaults_pinch,
          v_misc_26, vaults_room_pool, v_misc_33, nicolae_vaults_rhombus_6,
          nicolae_vaults_little_squares_2, layout_vaults_omnibox, uniq_margery,
          uniq_frederick
Vaults:5

Skill      XL: |  1  2  3  4  5  6  7  8  9 10 11 12 13 14 15 16 17 18 19 20 21 22 23 24 25 |
---------------+----------------------------------------------------------------------------+-----
Short Blades   | 1 2 3 4 5 6 7 8 9 10 11 12 13 14 15 16 | 16.2
Long Blades    | 1 2 3 4 5 6 7 8 9 10 11 12 13 14 15 16 | 16.2
Maces & Flails | 1 2 3 4 5 6 7 8 9 10 11 12 13 14 15 16 | 16.2
Polearms       | 1 2 3 4 5 6 7 8 9 10 11 12 13 14 15 16 | 16.2
Staves         | 1 2 3 4 5 6 7 8 9 10 11 12 13 14 15 16 | 16.2
Slings         | 1 2 3 4 5 6 7 8 9 10 11 12 13 14 15 16 | 16.2
Bows           | 1 2 3 4 5 6 7 8 9 10 11 12 13 14 15 16 | 16.2
Crossbows      | 1 2 3 4 5 6 7 8 9 10 11 12 13 14 15 16 | 16.2
Throwing       | 1 2 3 4 5 6 7 8 9 10 11 12 13 14 15 16 | 16.2
Stealth        | 1 2 3 4 5 6 7 8 9 10 11 12 13 14 15 16 | 16.2
Shields        | 1 2 3 4 5 6 7 8 9 10 11 12 13 14 15 16 | 16.2
Unarmed Combat | 1 2 3 4 5 6 7 8 9 10 11 12 13 14 15 16 17 | 17.2
Spellcasting   | 1 2 3 4 5 6 7 8 9 10 11 12 13 14 15 16 | 16.2
Evocations     | 1 2 3 4 5 6 7 8 9 10 11 12 13 14 15 16 | 16.2
Conjurations   | 1 2 3 4 5 6 7 8 9 10 11 12 13 | 13.9
Hexes          | 1 2 3 4 5 6 7 8 9 10 11 12 13 | 13.9
Summonings     | 1 2 3 4 5 6 7 8 9 10 11 12 13 | 13.9
Necromancy     | 1 2 3 4 5 6 7 8 9 10 11 12 13 | 13.9
Translocations | 1 2 3 4 5 6 7 8 9 10 11 12 13 | 13.9
Transmutations | 1 2 3 4 5 6 7 8 9 10 11 12 13 | 13.9
Fire Magic     | 1 2 3 4 5 6 7 8 9 10 11 12 13 | 13.9
Ice Magic      | 1 2 3 4 5 6 7 8 9 10 11 12 13 14 15 16 | 16.5
Air Magic      | 1 2 3 4 5 6 7 8 9 10 11 12 13 | 13.9
Earth Magic    | 1 2 3 4 5 6 7 8 9 10 11 12 13 | 13.9
Poison Magic   | 1 2 3 4 5 6 7 8 9 10 11 12 13 | 13.9
Dodging        | 3 4 5 6 7 8 9 10 11 12 13 14 15 16 | 16.3
Axes           | 5 6 7 8 9 10 11 12 13 14 15 16 | 16.6
Armour         | 5 6 7 8 9 10 11 12 13 14 15 16 | 16.6
Invocations    | 5 6 7 8 9 10 11 12 13 14 15 16 17 | 17.9
Fighting       | 7 8 9 10 11 12 13 14 15 16 17 | 17.1

Action                   |  1- 3 |  4- 6 |  7- 9 | 10-12 | 13-15 | 16-18 | 19-21 | 22-24 | 25-27 || total
-------------------------+-------+-------+-------+-------+-------+-------+-------+-------+-------++-------
Melee: Hand axe          |     6 |       |    41 |       |       |       |       |       |       ||    47
       Dagger            |    49 |   232 |   383 |   564 |       |       |       |       |       ||  1228
       Bite              |     2 |    30 |    54 |   196 |   558 |   395 |   882 |  1251 |   105 ||  3473
       Punch             |       |     3 |     6 |    21 |       |       |       |       |       ||    30
       Short sword       |       |       |       |     5 |       |       |       |       |       ||     5
       Quick blade       |       |       |       |   461 |  2837 |  2403 |  3873 |  5065 |   394 || 15033
Throw: Boomerang         |       |     8 |     2 |       |       |       |       |       |       ||    10
       Javelin           |       |       |       |       |     1 |     3 |     2 |     9 |       ||    15
Invok: Depart the Abyss  |     1 |       |       |       |     1 |     1 |       |       |       ||     3
       Bend Space        |       |       |     1 |       |     1 |     2 |       |     2 |       ||     6
       Enter the Abyss   |       |       |       |       |     1 |     1 |       |       |       ||     2
       Banish            |       |       |       |       |       |       |       |     8 |     1 ||     9
       Corrupt           |       |       |       |       |       |       |       |     1 |       ||     1
Evoke: Wand              |       |       |     1 |       |       |       |       |       |       ||     1
  Use: Scroll            |     7 |     7 |    11 |    14 |    10 |     9 |     7 |    16 |     3 ||    84
       Potion            |       |       |     2 |       |       |     1 |     1 |     2 |     1 ||     7
 Stab: Sleeping          |     6 |       |       |       |     1 |     6 |    14 |    13 |     4 ||    44
       Confused          |       |       |       |     1 |       |       |       |     2 |       ||     3
       Distracted        |       |       |       |       |     3 |     1 |     1 |     1 |       ||     6
Armor: Leather armour    |    18 |       |       |       |       |       |       |       |       ||    18
       Ring mail         |     6 |    44 |       |       |       |       |       |       |       ||    50
       Chain mail        |       |    77 |   264 |   423 |   485 |   337 |   544 |  1006 |    70 ||  3206
       Skin              |       |       |    46 |       |       |       |       |       |       ||    46
Dodge: Dodged            |    41 |   150 |   265 |   399 |   701 |   540 |  1198 |  1584 |    89 ||  4967
Block: Kite shield       |       |       |       |   264 |  1414 |   965 |  1911 |  2404 |   148 ||  7106
       Reflection        |       |       |       |     9 |    38 |   126 |   175 |    45 |     5 ||   398

Table legend: (Time is in decaauts)
 A = Elapsed time spent in this place.
 B = Non-inter-level travel time spent in this place.
 C = Inter-level travel time spent in this place.
 D = Time resting spent in this place.
 E = Time spent auto-exploring this place.
 F = Levels seen in this place.
 G = Mean time per level.
                   A        B        C        D        E       F      G
               +--------+--------+--------+--------+--------+-----+--------+
         Total |  58364 |  55486 |   2878 |  14762 |  24716 |  48 | 1215.9 |
       Dungeon |  16544 |  15426 |   1118 |   3689 |   8201 |  14 | 1181.7 |
          Lair |   6820 |   6180 |    640 |    947 |   3560 |   6 | 1136.7 |
         Swamp |   4494 |   4261 |    233 |    521 |   2076 |   4 | 1123.5 |
     Snake Pit |   5035 |   4850 |    185 |    721 |   2427 |   4 | 1258.8 |
    Slime Pits |   6335 |   6275 |     60 |   3149 |   1644 |   5 | 1267.0 |
  Orcish Mines |   1833 |   1725 |    108 |    373 |    906 |   2 |  916.5 |
   Elven Halls |   5831 |   5648 |    183 |   2023 |   1928 |   3 | 1943.7 |
        Vaults |  10279 |   9931 |    348 |   2776 |   3811 |   5 | 2055.8 |
         Abyss |    272 |    272 |      0 |    151 |     22 |   4 |   68.0 |
      Ice Cave |    918 |    918 |      0 |    412 |    140 |   1 |  918.0 |
               +--------+--------+--------+--------+--------+-----+--------+

Top non-repeatable levels by time:
Vaults:4: 2876 daAuts
 Slime:2: 2303 daAuts
   Elf:2: 2290 daAuts
Vaults:5: 2214 daAuts
Vaults:3: 2134 daAuts
   Elf:3: 2103 daAuts
     D:9: 2007 daAuts
    D:11: 1978 daAuts
    D:12: 1862 daAuts
Vaults:2: 1682 daAuts
 Slime:4: 1571 daAuts
 Snake:3: 1528 daAuts
 Snake:4: 1516 daAuts
   Elf:1: 1437 daAuts
 Swamp:4: 1400 daAuts
